| TOP OF THE 1ST |
|
Harrisburg Senators batting - Pitching for Tulsa Drillers : RHP Will Lane
|
|
Pitching: RHP Will Lane
|
|
|
Batting: RHB Nate Dickinson
|
0-0: Ball 1-0: Ball 2-0: Foul Ball, location: 2F 2-1: Ball 3-1: Base on Balls
|
|
Batting: LHB Pat Aviles
|
0-0: Called Strike 0-1: Fielders Choice at 2nd, 4-6 (Groundball, 4, EV 84.4 MPH)
|
|
Batting: RHB Kevin Whitenack
|
0-0: Called Strike 0-1: Called Strike 0-2: Ball 1-2: Ball 2-2: Foul Ball, location: 2F 2-2: Ball 3-2: Strikes out swinging
|
|
Batting: RHB Kevin Wick
|
0-0: Called Strike 0-1: Ball 1-1: Foul Ball, location: 2F 1-2: Ball 2-2: Foul Ball, location: 2F 2-2: Fly out, F8 (Flyball, 78M, EV 90.6 MPH)
|
| Top of the 1st over - 0 runs, 0 hits, 0 errors, 1 left on base; Harrisburg 0 - Tulsa 0 |
| BOTTOM OF THE 1ST |
|
Tulsa Drillers batting - Pitching for Harrisburg Senators : LHP Manny Ruiz
|
|
Pitching: LHP Manny Ruiz
|
|
|
Batting: RHB Josh Crenwelge
|
0-0: Ball 1-0: DOUBLE (Line Drive, 9LS, EV 98.8 MPH)
|
|
Batting: RHB Daniel Samano
|
0-0: Called Strike 0-1: Ground out 6-3 (Groundball, P, EV 81.2 MPH) Josh Crenwelge to third
|
|
Batting: RHB Jonathan Kirsch
|
0-0: Called Strike 0-1: Fly out, F7 (Line Drive, 78D, EV 96.9 MPH) Runner from 3rd tags up, SCORES, no throw by LF
|
|
Batting: RHB Nick Getz
|
0-0: Ground out 4-3 (Groundball, 4, EV 93.8 MPH)
|
| Bottom of the 1st over - 1 run, 1 hit, 0 errors, 0 left on base; Harrisburg 0 - Tulsa 1 |
| TOP OF THE 2ND |
|
Harrisburg Senators batting - Pitching for Tulsa Drillers : RHP Will Lane
|
|
Batting: RHB Steve Perez
|
0-0: Fly out, F3 (Popup, 3F, EV 61.2 MPH)
|
|
Batting: RHB Paul Shell
|
0-0: Ball 1-0: SINGLE (Line Drive, 7LS, EV 110.0 MPH)
|
|
Batting: RHB John McNeill
|
0-0: Called Strike Paul Shell is caught stealing 2nd base 2-4 0-1: Ball 1-1: Foul Ball, location: 2F 1-2: Ball 2-2: Fly out, F8 (Flyball, 8LD, EV 79.4 MPH)
|
| Top of the 2nd over - 0 runs, 1 hit, 0 errors, 0 left on base; Harrisburg 0 - Tulsa 1 |
| BOTTOM OF THE 2ND |
|
Tulsa Drillers batting - Pitching for Harrisburg Senators : LHP Manny Ruiz
|
|
Batting: SHB Nate Kopchak
|
0-0: Ball 1-0: Foul Ball, location: 2F 1-1: Fly out, F8 (Flyball, 89S, EV 85.6 MPH)
|
|
Batting: RHB Marcos Villalobos
|
0-0: Called Strike 0-1: Foul Ball, location: 2F 0-2: Ball 1-2: Ground out 6-3 (Groundball, 6, EV 98.8 MPH)
|
|
Batting: RHB Kyle Garrett
|
0-0: Called Strike 0-1: Fly out, F9 (Flyball, 9S, EV 88.8 MPH)
|
| Bottom of the 2nd over - 0 runs, 0 hits, 0 errors, 0 left on base; Harrisburg 0 - Tulsa 1 |
| TOP OF THE 3RD |
|
Harrisburg Senators batting - Pitching for Tulsa Drillers : RHP Will Lane
|
|
Batting: RHB Seth Rutz
|
0-0: Ball 1-0: Ball 2-0: SOLO HOME RUN (Flyball, 7LD, EV 96.2 MPH), Distance : 330 ft
|
|
Batting: RHB Victor Cintron
|
0-0: Called Strike 0-1: Foul Ball, location: 2F 0-2: Ball 1-2: Strikes out swinging
|
|
Batting: RHB Nate Dickinson
|
0-0: Called Strike 0-1: SINGLE (Groundball, 6MD, EV 96.2 MPH)
|
|
Batting: LHB Pat Aviles
|
0-0: Foul Ball, location: 2F 0-1: Ball 1-1: Ball 2-1: Called Strike 2-2: Foul Ball, location: 2F 2-2: Ball 3-2: SINGLE (Groundball, 3, EV 85.0 MPH) (infield hit) Nate Dickinson to second
|
|
Batting: RHB Kevin Whitenack
|
0-0: Ball 1-0: Called Strike 1-1: Swinging Strike 1-2: Foul Ball, location: 2F 1-2: Ball 2-2: Foul Ball, location: 2F 2-2: Ball 3-2: Foul Ball, location: 2F 3-2: Fly out, F9 (Flyball, 9D, EV 104.4 MPH) Runner from 2nd tags up, SAFE at 3rd, no throw by RF
|
|
Batting: RHB Kevin Wick
|
0-0: Ball 1-0: Ball 2-0: Called Strike 2-1: Ball 3-1: Swinging Strike 3-2: Strikes out swinging
|
| Top of the 3rd over - 1 run, 3 hits, 0 errors, 2 left on base; Harrisburg 1 - Tulsa 1 |
| BOTTOM OF THE 3RD |
|
Tulsa Drillers batting - Pitching for Harrisburg Senators : LHP Manny Ruiz
|
|
Batting: LHB Chris Buchan
|
0-0: Swinging Strike 0-1: Foul Ball, location: 2F 0-2: Foul Ball, location: 2F 0-2: SINGLE (Line Drive, 9LS, EV 105.0 MPH)
|
|
Batting: SHB Justin Toth
|
0-0: Ball 1-0: Called Strike 1-1: Fly out, F9 (Flyball, 9D, EV 84.4 MPH)
|
|
Batting: RHB Josh Crenwelge
|
0-0: Ball 1-0: Called Strike 1-1: Foul Ball, location: 2F 1-2: SINGLE (Line Drive, 6MD, EV 95.0 MPH) Chris Buchan to second
|
|
Batting: RHB Daniel Samano
|
0-0: Ball 1-0: Reached on error, E6 (Groundball, 56, EV 86.2 MPH) Chris Buchan to third Josh Crenwelge to second
|
|
Batting: RHB Jonathan Kirsch
|
0-0: Called Strike 0-1: Reached on error, E6 (Groundball, 6, EV 106.2 MPH) Chris Buchan scores Josh Crenwelge to third Daniel Samano to second
|
|
Batting: RHB Nick Getz
|
0-0: Ball 1-0: Called Strike 1-1: Ball 2-1: Ball 3-1: Called Strike 3-2: Base on Balls Josh Crenwelge scores Daniel Samano to third Jonathan Kirsch to second
|
|
Batting: SHB Nate Kopchak
|
0-0: Foul Ball, location: 2F 0-1: Called Strike 0-2: Strikes out swinging
|
|
Batting: RHB Marcos Villalobos
|
0-0: Swinging Strike 0-1: Ball 1-1: Fly out, F6 (Line Drive, 6M, EV 63.1 MPH)
|
| Bottom of the 3rd over - 2 runs, 2 hits, 2 errors, 3 left on base; Harrisburg 1 - Tulsa 3 |
| TOP OF THE 4TH |
|
Harrisburg Senators batting - Pitching for Tulsa Drillers : RHP Will Lane
|
|
Batting: RHB Steve Perez
|
0-0: Ball 1-0: Ball 2-0: Ball 3-0: Base on Balls
|
|
Batting: RHB Paul Shell
|
0-0: Called Strike 0-1: Ball 1-1: Foul Ball, location: 2F 1-2: Strikes out swinging
|
|
Batting: RHB John McNeill
|
0-0: Ball 1-0: Swinging Strike 1-1: Ball 2-1: Ball 3-1: Foul Ball, location: 2F 3-2: Base on Balls Steve Perez to second
|
|
Batting: RHB Seth Rutz
|
0-0: Foul Ball, location: 2F 0-1: Ball 1-1: Ball 2-1: Fielders Choice at 2nd, 3-6 (Groundball, 34, EV 77.5 MPH) Steve Perez to third
|
|
Batting: RHB Victor Cintron
|
0-0: Ball 1-0: Called Strike 1-1: Foul Ball, location: 2F 1-2: Strikes out looking
|
| Top of the 4th over - 0 runs, 0 hits, 0 errors, 2 left on base; Harrisburg 1 - Tulsa 3 |
| BOTTOM OF THE 4TH |
|
Tulsa Drillers batting - Pitching for Harrisburg Senators : LHP Manny Ruiz
|
|
Batting: RHB Kyle Garrett
|
0-0: Ball 1-0: Swinging Strike 1-1: Ball 2-1: Swinging Strike 2-2: Strikes out swinging
|
|
Batting: LHB Chris Buchan
|
0-0: Ball 1-0: Ground out 4-3 (Groundball, 34D, EV 103.8 MPH)
|
|
Batting: SHB Justin Toth
|
0-0: Called Strike 0-1: Swinging Strike 0-2: Ball 1-2: Ground out 6-3 (Groundball, 6, EV 85.6 MPH)
|
| Bottom of the 4th over - 0 runs, 0 hits, 0 errors, 0 left on base; Harrisburg 1 - Tulsa 3 |
| TOP OF THE 5TH |
|
Harrisburg Senators batting - Pitching for Tulsa Drillers : RHP Will Lane
|
|
Batting: RHB Nate Dickinson
|
0-0: Foul Ball, location: 2F 0-1: Ball 1-1: Ball 2-1: Ball 3-1: Base on Balls
|
|
Batting: LHB Pat Aviles
|
0-0: Ball 1-0: Fielders Choice at 2nd, 4-6 (Groundball, 4, EV 83.1 MPH)
|
|
Batting: RHB Kevin Whitenack
|
0-0: Called Strike 0-1: Swinging Strike 0-2: Strikes out swinging
|
|
Batting: RHB Kevin Wick
|
0-0: Ball 1-0: SINGLE (Groundball, 4MD, EV 102.5 MPH) Pat Aviles to second
|
|
Batting: RHB Steve Perez
|
0-0: Foul Ball, location: 2F 0-1: SINGLE (Groundball, P, EV 93.8 MPH) Pat Aviles to third Kevin Wick to second Runner from 3rd tries for Home, SAFE, throw by CF to home Kevin Wick to third Steve Perez to second
|
|
Batting: RHB Paul Shell
|
0-0: Ball 1-0: SINGLE (Groundball, 6D, EV 96.2 MPH) Kevin Wick scores Steve Perez to third Runner from 3rd tries for Home, SAFE, throw by LF to home
|
|
Batting: RHB John McNeill
|
0-0: Ground out 4-3 (Groundball, 4MS, EV 81.9 MPH)
|
| Top of the 5th over - 3 runs, 3 hits, 0 errors, 1 left on base; Harrisburg 4 - Tulsa 3 |
| BOTTOM OF THE 5TH |
|
Tulsa Drillers batting - Pitching for Harrisburg Senators : LHP Manny Ruiz
|
|
Batting: RHB Josh Crenwelge
|
0-0: Foul Ball, location: 2F 0-1: Ball 1-1: Called Strike 1-2: Ball 2-2: Foul Ball, location: 2F 2-2: Ground out 3-1 (Groundball, 34S, EV 71.9 MPH)
|
|
Batting: RHB Daniel Samano
|
0-0: Ball 1-0: Swinging Strike 1-1: Ball 2-1: Ball 3-1: Base on Balls
|
|
Batting: RHB Jonathan Kirsch
|
0-0: Called Strike Daniel Samano steals 2nd base (no throw) 0-1: Ground out 6-3 (Groundball, 56, EV 103.8 MPH)
|
|
Batting: RHB Nick Getz
|
0-0: Ball 1-0: Ball 2-0: Called Strike 2-1: DOUBLE (Line Drive, 7LS, EV 90.6 MPH) Daniel Samano scores
|
|
Batting: SHB Nate Kopchak
|
0-0: Ball 1-0: Called Strike 1-1: Ball 2-1: Ground out 4-3 (Groundball, 4MS, EV 92.5 MPH)
|
| Bottom of the 5th over - 1 run, 1 hit, 0 errors, 1 left on base; Harrisburg 4 - Tulsa 4 |
| TOP OF THE 6TH |
|
Harrisburg Senators batting - Pitching for Tulsa Drillers : RHP Will Lane
|
|
Batting: RHB Seth Rutz
|
0-0: Reached on error, E5 (Groundball, 56S, EV 65.0 MPH)
|
|
Batting: RHB Victor Cintron
|
0-0: Foul Ball, location: 2F 0-1: Called Strike 0-2: Ball 1-2: Foul Ball, location: 2F 1-2: Fly out, F4 (Line Drive, 4, EV 66.9 MPH)
|
|
Pitching: RHP Jordan Arredondo
|
|
|
Batting: RHB Nate Dickinson
|
0-0: Ball 1-0: Ball 2-0: Foul Ball, location: 2F 2-1: Grounds into double play, 5-4-3 (Groundball, 56, EV 103.8 MPH)
|
| Top of the 6th over - 0 runs, 0 hits, 1 error, 0 left on base; Harrisburg 4 - Tulsa 4 |
| BOTTOM OF THE 6TH |
|
Tulsa Drillers batting - Pitching for Harrisburg Senators : LHP Manny Ruiz
|
|
Batting: RHB Marcos Villalobos
|
0-0: Ball 1-0: Swinging Strike 1-1: Ball 2-1: Ball 3-1: Base on Balls
|
|
Batting: RHB Kyle Garrett
|
0-0: Ball 1-0: Ball 2-0: Fielders Choice at 2nd, 6-4 (Groundball, 6, EV 110.0 MPH)
|
|
Batting: LHB Chris Buchan
|
0-0: Called Strike 0-1: Ball 1-1: Ball 2-1: Ball 3-1: Ground out 4-3 (Groundball, 4S, EV 90.0 MPH) Kyle Garrett to second
|
|
Batting: SHB Justin Toth
|
0-0: Ball 1-0: Swinging Strike 1-1: Swinging Strike 1-2: Ball 2-2: Ground out 4-3 (Groundball, 6MD, EV 81.9 MPH)
|
| Bottom of the 6th over - 0 runs, 0 hits, 0 errors, 1 left on base; Harrisburg 4 - Tulsa 4 |
| TOP OF THE 7TH |
|
Harrisburg Senators batting - Pitching for Tulsa Drillers : RHP Jordan Arredondo
|
|
Batting: LHB Pat Aviles
|
0-0: Ball 1-0: Called Strike 1-1: Called Strike 1-2: Foul Ball, location: 2F 1-2: Ball 2-2: Strikes out looking
|
|
Batting: RHB Kevin Whitenack
|
0-0: Ball 1-0: Ball 2-0: Ball 3-0: Called Strike 3-1: Foul Ball, location: 2F 3-2: Strikes out swinging
|
|
Batting: RHB Kevin Wick
|
0-0: Called Strike 0-1: Ball 1-1: Swinging Strike 1-2: Ball 2-2: Ball 3-2: Foul Ball, location: 2F 3-2: Foul Ball, location: 2F 3-2: Ground out 6-3 (Groundball, 6, EV 98.1 MPH)
|
| Top of the 7th over - 0 runs, 0 hits, 0 errors, 0 left on base; Harrisburg 4 - Tulsa 4 |
| BOTTOM OF THE 7TH |
|
Tulsa Drillers batting - Pitching for Harrisburg Senators : LHP Manny Ruiz
|
|
Pitching: RHP Todd Carbaugh
|
|
|
Batting: RHB Josh Crenwelge
|
0-0: SINGLE (Line Drive, 8RS, EV 97.5 MPH)
|
|
Batting: RHB Daniel Samano
|
0-0: Ball 1-0: Bunted foul 1-1: Bunted foul 1-2: Ball 2-2: Foul Ball, location: 2F 2-2: Foul Ball, location: 2F 2-2: Ball 3-2: Base on Balls Josh Crenwelge to second
|
|
Batting: RHB Jonathan Kirsch
|
0-0: Called Strike 0-1: Foul Ball, location: 2F 0-2: Ball 1-2: Strikes out swinging
|
|
Pinch Hitting: LHB Kevin Wiebe
|
0-0: SINGLE (Line Drive, 5D, EV 105.6 MPH) Josh Crenwelge to third Daniel Samano to second Runner from 3rd tries for Home, SAFE, throw by LF to home
|
|
Batting: SHB Nate Kopchak
|
0-0: Foul Ball, location: 2F 0-1: Foul Ball, location: 2F 0-2: Ball 1-2: Fielders Choice at 2nd, 4-6 (Groundball, 4, EV 82.5 MPH) Daniel Samano to third
|
|
Batting: RHB Marcos Villalobos
|
0-0: Swinging Strike 0-1: Foul Ball, location: 2F 0-2: Ball 1-2: Ball 2-2: Ball 3-2: DOUBLE (Flyball, 89XD, EV 109.4 MPH) Daniel Samano scores Nate Kopchak to third Nate Kopchak scores
|
|
Pitching: RHP Alex Vasquez
|
|
|
Batting: RHB Kyle Garrett
|
0-0: Foul Ball, location: 2F 0-1: Swinging Strike 0-2: Ground out 5-3 (Groundball, 5S, EV 66.9 MPH)
|
| Bottom of the 7th over - 3 runs, 3 hits, 0 errors, 1 left on base; Harrisburg 4 - Tulsa 7 |
| TOP OF THE 8TH |
|
Harrisburg Senators batting - Pitching for Tulsa Drillers : RHP Jordan Arredondo
|
|
Now in LF: Chris Barrera
|
|
|
Batting: RHB Steve Perez
|
0-0: Called Strike 0-1: Called Strike 0-2: Strikes out swinging
|
|
Batting: RHB Paul Shell
|
0-0: Swinging Strike 0-1: Ball 1-1: Fly out, F5 (Line Drive, 5, EV 66.2 MPH)
|
|
Batting: RHB John McNeill
|
0-0: Ball 1-0: SINGLE (Groundball, 6D, EV 105.6 MPH)
|
|
Batting: RHB Seth Rutz
|
0-0: Ball 1-0: Fielders Choice at 2nd, 5-4 (Groundball, 56, EV 86.2 MPH)
|
| Top of the 8th over - 0 runs, 1 hit, 0 errors, 1 left on base; Harrisburg 4 - Tulsa 7 |
| BOTTOM OF THE 8TH |
|
Tulsa Drillers batting - Pitching for Harrisburg Senators : RHP Alex Vasquez
|
|
Batting: LHB Chris Buchan
|
0-0: Foul Ball, location: 2F 0-1: Ball 1-1: Foul Ball, location: 2F 1-2: Foul Ball, location: 2F 1-2: Strikes out swinging
|
|
Batting: SHB Justin Toth
|
0-0: Called Strike 0-1: Foul Ball, location: 2F 0-2: Ball 1-2: Strikes out swinging
|
|
Batting: RHB Josh Crenwelge
|
0-0: Foul Ball, location: 2F 0-1: Called Strike 0-2: Hit by Pitch
|
|
Pinch Runner at 1st Tony Rivera:
|
|
|
Batting: RHB Daniel Samano
|
0-0: Ball 1-0: Ground out 4-3 (Groundball, 4, EV 102.5 MPH)
|
| Bottom of the 8th over - 0 runs, 0 hits, 0 errors, 1 left on base; Harrisburg 4 - Tulsa 7 |
| TOP OF THE 9TH |
|
Harrisburg Senators batting - Pitching for Tulsa Drillers : RHP Jordan Arredondo
|
|
Pitching: RHP Etsuji Kawasaki
|
|
|
Now at 2B: Tony Rivera
|
|
|
Now at 3B: Nate Kopchak
|
|
|
Batting: RHB Victor Cintron
|
0-0: Called Strike 0-1: Ground out 6-3 (Groundball, 6, EV 101.2 MPH)
|
|
Batting: RHB Nate Dickinson
|
0-0: Ball 1-0: Foul Ball, location: 2F 1-1: Called Strike 1-2: Ground out 6-3 (Groundball, 56D, EV 110.0 MPH)
|
|
Batting: LHB Pat Aviles
|
0-0: Foul Ball, location: 2F 0-1: Ball 1-1: Ground out 5-3 (Groundball, 5, EV 88.8 MPH)
|
| Top of the 9th over - 0 runs, 0 hits, 0 errors, 0 left on base; Harrisburg 4 - Tulsa 7 |
|